 Dungeon Crawl Stone Soup version 0.19.5 (webtiles) character file.

14153 juanjsm the Covert (level 11, -10/56 HPs)
             Began as a Spriggan Enchanter on Mar 10, 2017.
             Was a High Priest of Okawaru.
             Mangled by a blink frog (18 damage)
             ... on level 4 of the Lair of Beasts on Mar 15, 2017.
             The game lasted 01:00:13 (11529 turns).

juanjsm the Covert (Spriggan Enchanter)            Turns: 11529, Time: 01:00:14

Health: -10/56     AC:  4    Str:  4    XL:     11   Next: 85%
Magic:  4/27       EV: 27    Int: 19    God:    Okawaru [*****.]
Gold:   533        SH:  0    Dex: 18    Spells: 4 memorised, 24 levels left

rFire  + . .     SeeInvis +     y - +7 quick blade
rCold  . . .     Gourm    .     b - +1 robe
rNeg   . . .     Faith    .     (shield restricted)
rPois  .         Spirit   .     (helmet restricted)
rElec  .         Reflect  .     n - +0 cloak
rCorr  .         Harm     .     (gloves unavailable)
MR     +....                    (boots unavailable)
Stlth  +++++.....               (no amulet)
                                G - ring of protection from fire
                                s - ring of wizardry

@: very quick
A: unfitting armour, see invisible, herbivore 3, speed 3, slow metabolism 2
a: Heroism, Finesse, Renounce Religion


You were on level 4 of the Lair of Beasts.
You worshipped Okawaru.
Okawaru was extremely pleased with you.
You were not hungry.

You visited 3 branches of the dungeon, and saw 13 of its levels.

You collected 533 gold pieces.

Inventory:

Hand Weapons
 h - a +2 short sword of venom
 y - a +7 quick blade (weapon)
Missiles
 o - a throwing net (quivered)
Armour
 a - a +0 buckler
 b - a +1 robe (worn)
 n - a +0 cloak (worn)
Jewellery
 s - a ring of wizardry (left hand)
 G - a ring of protection from fire (right hand)
Scrolls
 g - a scroll of blinking
 i - a scroll of identify
 j - a scroll of enchant armour {unknown}
 l - 3 scrolls of fog {unknown}
 m - 5 scrolls of amnesia {unknown}
 q - 5 scrolls of recharging {unknown}
 u - 3 scrolls of teleportation {unknown}
 B - 2 scrolls of magic mapping {unknown}
 E - a scroll of random uselessness {unknown}
 M - a scroll of silence {unknown}
Potions
 e - 2 potions of ambrosia
 f - a potion of agility
 k - 3 potions of haste
 p - 2 potions of lignification
 r - 3 potions of heal wounds
 t - 2 potions of flight
 v - 5 potions of curing
 x - a potion of cure mutation {unknown}
 C - a potion of berserk rage {unknown}
Books
 c - a book of Conjurations

   Spells                             Type                      Level
   a - Magic Dart                     Conjuration                  1
   b - Searing Ray                    Conjuration                  2
   c - Dazzling Spray                 Conjuration/Hexes            3
   d - Fulminant Prism                Conjuration/Hexes            4
   e - Iskenderun's Mystic Blast      Conjuration                  4
   f - Iskenderun's Battlesphere      Conjuration/Charms           5
Comestibles
 d - 7 bread rations
 D - a fruit
 F - 8 slices of pizza


   Skills:
 + Level 6.0 Fighting
 + Level 8.0 Short Blades
 + Level 10.8 Dodging
 + Level 12.2 Stealth
 + Level 1.3 Shields
 * Level 11.9 Spellcasting
 + Level 0.4 Conjurations
 + Level 9.6 Hexes


You had 24 spell levels left.
You knew the following spells:

 Your Spells              Type           Power        Failure   Level  Hunger
a - Corona                Hex            #####..      1%          1    None
b - Ensorcelled Hibernat  Hex/Ice        ####..       1%          2    None
c - Confuse               Hex            #####...     1%          3    None
d - Dazzling Spray        Conj/Hex       ####..       1%          3    None


Dungeon Overview and Level Annotations

Branches:
Dungeon (8/15)             Temple (1/1) D:6            Lair (4/6) D:8
  Swamp (0/4) Lair:2       Spider (0/4) Lair:2

Altars:
Ashenzari
Cheibriados
Dithmenos
Elyvilon
Fedhas
Gozag
Hepliaklqana
Makhleb
Nemelex Xobeh
Okawaru
Qazlal
Ru
Sif Muna
Trog
Uskayaw
Vehumet
Xom
Yredelemnul
Zin
The Shining One

Portals:
Labyrinth: Lair:4

Annotations:
D:5 Blork the orc
Lair:3 Rupert


Innate Abilities, Weirdness & Mutations

You are very small and have problems with some larger weapons.
You are too small for most types of armour.
You have supernaturally acute eyesight. (SInv)
You are a herbivore.
You cover ground extremely quickly.
You need consume almost no food.


Message History

Found a beef jerky and 25 stones.
You see here a slice of pizza.
F - 8 slices of pizza (gained 1)
The blink frog completely misses you.
The blink frog blinks!
The blink frog gives a loud, deep croak! x2
You puncture the blink frog!
The blink frog is moderately wounded.
The blink frog barely misses you. The blink frog hits you!
The bullfrog hits you. The blink frog closely misses you.
The blink frog hits you!
The blink frog blinks!
The blink frog hits you.
The blink frog blinks! x2
The blink frog blinks! x2
The blink frog completely misses you.
The blink frog blinks!
The water moccasin closely misses you.
The blink frog blinks!
The blink frog hits you!
* * * LOW HITPOINT WARNING * * *
The bullfrog misses you. The blink frog hits you!!
You die...

P# ###+.## ###..## # #.
#...#### #.##.# #>..###.
#.%.. ##+.##... ...
###........
###+#.########.+........
#P....F∩.....#..........
..+..>F.@.F§..+.#..F.....
........FF.....#.........
##..§.F.S......##........
##..##+...###.##........
## #......####.#.##.#+#
###...## ####.##.. #...#
## #. #..(# .# ###.#


You could see 5 blink frogs, a water moccasin and a bullfrog.

Vanquished Creatures
  2 hydras
  The ghost of galech the Cleaver, a novice DDFi of Makhleb (D:8)
  Joseph (D:7)
  2 black mambas
  4 spiny frogs
  A jumping spider (Lair:2)
  Prince Ribbit (D:7)
  A hornet (Lair:3)
  Grinder (D:5)
  A hippogriff (D:7)
  Sigmund (D:5)
  14 yaks
  A redback (Lair:2)
  A human (D:7)
  4 hogs (D:7)
  Grum (D:8)
  A wyvern (D:8)
  6 water moccasins
  An orc warrior (D:7)
  8 porcupines
  A black bear (D:7)
  3 sky beasts
  A phantom (D:7)
  A necrophage (D:6)
  4 ogres
  2 ice beasts
  4 centaurs
  3 wolves (D:8)
  5 crocodiles
  13 bullfrogs
  A scorpion (D:8)
  9 killer bees
  4 howler monkeys
  4 crimson imps
  2 centaur zombies
  A quasit (D:4)
  2 hounds
  3 orc wizards
  3 centaur skeletons
  An orc priest (D:8)
  A bullfrog skeleton (D:7)
  7 worker ants
  2 howler monkey zombies
  7 gnolls
  7 adders
  A shadow imp (D:8)
  An ooze (D:2)
  An adder zombie (D:1)
  A worm (D:4)
  A leopard gecko (D:7)
  17 orcs
  10 bats
  7 giant cockroaches
  6 hobgoblins
  5 jackals
  3 quokkas
  2 ball pythons
  5 frilled lizards
  A giant cockroach zombie (D:1)
  6 goblins
  7 kobolds
  A leopard gecko skeleton (D:8)
  7 rats
226 creatures vanquished.

Vanquished Creatures (others)
  A fungus (Lair:3)
  A plant (Lair:2)
2 creatures vanquished.

Grand Total: 228 creatures vanquished

Notes
Turn   | Place    | Note
-------+----------+-------------------------------------------
     0 | D:1      | juanjsm the Spriggan Enchanter began the quest for the Orb.
     0 | D:1      | Reached XP level 1. HP: 9/9 MP: 5/5
   180 | D:1      | Reached XP level 2. HP: 12/13 MP: 4/6
   184 | D:1      | Learned a level 2 spell: Ensorcelled Hibernation
   800 | D:2      | Reached XP level 3. HP: 10/17 MP: 3/8
   805 | D:2      | Learned a level 3 spell: Confuse
  1034 | D:2      | Reached skill level 1 in Fighting
  1421 | D:2      | Found an opulent altar of Gozag.
  1655 | D:2      | Reached skill level 5 in Stealth
  1655 | D:2      | Reached XP level 4. HP: 17/22 MP: 3/10
  1660 | D:2      | Learned a level 3 spell: Dazzling Spray
  1714 | D:2      | Found a radiant altar of Vehumet.
  2260 | D:3      | Reached XP level 5. HP: 11/25 MP: 4/11
  2405 | D:3      | Found a shadowy altar of Dithmenos.
  3007 | D:3      | Reached skill level 6 in Stealth
  3013 | D:3      | Reached XP level 6. HP: 29/30 MP: 5/12
  3299 | D:4      | Reached skill level 5 in Hexes
  3583 | D:4      | You fall through a shaft!
  3583 | D:5      | Entered Level 5 of the Dungeon
  3590 | D:5      | Noticed an ice beast
  3593 | D:5      | Killed an ice beast
  3593 | D:5      | Reached skill level 5 in Dodging
  3593 | D:5      | Reached XP level 7. HP: 35/35 MP: 11/14
  3648 | D:5      | Noticed Blork the orc
  4032 | D:5      | Reached skill level 7 in Stealth
  4032 | D:5      | Reached skill level 5 in Spellcasting
  4352 | D:5      | Reached XP level 8. HP: 36/39 MP: 14/17
  4417 | D:5      | Noticed Grinder
  4453 | D:5      | Killed Grinder
  4617 | D:5      | Noticed Sigmund
  4703 | D:5      | Killed Sigmund
  4703 | D:5      | Reached skill level 8 in Stealth
  4855 | D:6      | Found a staircase to the Ecumenical Temple.
  4863 | Temple   | Entered the Ecumenical Temple
  4920 | Temple   | Became a worshipper of Warmaster Okawaru
  5611 | D:6      | Reached skill level 5 in Short Blades
  5669 | D:6      | Reached XP level 9. HP: 42/44 MP: 9/20
  5672 | D:6      | Reached * piety under Okawaru
  5691 | D:6      | Found a blossoming altar of Fedhas.
  5938 | D:7      | Found a sacrificial altar of Ru.
  5967 | D:7      | Reached skill level 9 in Stealth
  6181 | D:7      | Noticed Prince Ribbit
  6193 | D:7      | Killed Prince Ribbit
  6193 | D:7      | Reached ** piety under Okawaru
  6623 | D:7      | Reached skill level 10 in Stealth
  6631 | D:7      | Reached *** piety under Okawaru
  6631 | D:7      | Reached XP level 10. HP: 51/51 MP: 15/24
  6852 | D:7      | Noticed Joseph
  6888 | D:7      | Killed Joseph
  6954 | D:8      | Noticed galech's ghost (novice DDFi)
  7115 | D:8      | Found a faded altar of an unknown god.
  7115 | D:8      | Found a faded altar of an unknown god.
  7139 | D:8      | Found a glowing silver altar of Zin.
  7141 | D:8      | Found a faded altar of an unknown god.
  7143 | D:8      | Found a faded altar of an unknown god.
  7186 | D:8      | Noticed Grum
  7192 | D:8      | Killed Grum
  7192 | D:8      | Reached **** piety under Okawaru
  7200 | D:8      | Found a staircase to the Lair.
  7489 | D:8      | Killed galech's ghost
  7489 | D:8      | Reached skill level 10 in Spellcasting
  8099 | Lair:1   | Entered Level 1 of the Lair of Beasts
  8111 | Lair:1   | Reached skill level 11 in Stealth
  8266 | Lair:2   | Reached skill level 5 in Fighting
  8289 | Lair:2   | Reached ***** piety under Okawaru
  8501 | Lair:1   | Noticed an eight-headed hydra
  8827 | Lair:1   | Killed an eight-headed hydra
  8827 | Lair:1   | Reached XP level 11. HP: 22/56 MP: 19/26
  9200 | Lair:2   | Found a staircase to the Swamp.
  9276 | Lair:2   | Noticed a six-headed hydra
  9295 | Lair:2   | Killed a six-headed hydra
  9391 | Lair:2   | Received a gift from Okawaru
  9618 | Lair:2   | Reached skill level 10 in Dodging
  9764 | Lair:2   | Found a hole to the Spider Nest.
 10468 | Lair:3   | Reached skill level 12 in Stealth
 10504 | Lair:3   | Reached skill level 1 in Shields
 10562 | Lair:3   | Noticed Rupert
 10649 | Lair:3   | Paralysed by Rupert for 4 turns
 10900 | Lair:3   | Paralysed by Rupert for 6 turns
 11057 | Lair:3   | Received a gift from Okawaru
 11280 | Lair:3   | Paralysed by Rupert for 6 turns
 11328 | Lair:3   | Paralysed by Rupert for 7 turns
 11515 | Lair:4   | Found a labyrinth entrance.
 11529 | Lair:4   | Mangled by a blink frog

Skill      XL: |  1  2  3  4  5  6  7  8  9 10 11 |
---------------+----------------------------------+-----
Spellcasting   | 3 4 5 7 9 10 11 | 11.9
Fighting       | 1 2 3 4 5 6 |  6.0
Hexes          | 4 5 6 7 8 9 |  9.6
Stealth        | 5 6 7 8 10 11 12 | 12.2
Short Blades   | 2 3 5 6 7 8 |  8.0
Dodging        | 4 5 6 7 8 9 10 | 10.8
Shields        | 1 |  1.3
Conjurations   | |  0.4

Action                   |  1- 3 |  4- 6 |  7- 9 | 10-12 || total
-------------------------+-------+-------+-------+-------++-------
Melee: Dagger            |   115 |   104 |   149 |    99 ||   467
       Quick blade       |       |       |       |    75 ||    75
 Cast: Corona            |     4 |       |       |       ||     4
       Ensorcelled Hiber |    29 |    53 |    58 |   109 ||   249
       Confuse           |       |     6 |    22 |    63 ||    91
       Dazzling Spray    |       |       |       |     4 ||     4
  Use: Scroll            |       |       |     2 |     7 ||     9
       Potion            |       |       |     1 |       ||     1
 Stab: Sleeping          |    29 |    32 |    44 |    74 ||   179
       Confused          |       |     4 |    16 |    21 ||    41
       Distracted        |       |     1 |       |     1 ||     2
  Eat: Bread ration      |       |     1 |       |       ||     1
       Fruit             |       |       |     1 |     3 ||     4
       Pizza             |       |       |       |     1 ||     1
Armor: Robe              |    10 |    10 |     2 |     5 ||    27
Dodge: Dodged            |   102 |    99 |    65 |    92 ||   358
